 Dungeon Crawl Stone Soup version 0.23-a0-49-gd9f7a49 (webtiles) character file.

8128 galech the Cleaver (level 11, -10/95 HPs)
             Began as a Minotaur Fighter on Aug 6, 2018.
             Was an Initiate of Makhleb.
             Mangled by a komodo dragon (12 damage)
             ... on level 10 of the Dungeon.
             The game lasted 00:13:45 (9032 turns).

galech the Cleaver (Minotaur Fighter)               Turns: 9032, Time: 00:13:46

Health: -10/95     AC: 19    Str: 20    XL:     11   Next: 5%
Magic:  10/10      EV:  8    Int:  5    God:    Makhleb [......]
Gold:   533        SH: 12    Dex: 14    Spells: 10/10 levels left

rFire    . . .     SeeInvis +   a - +0 war axe
rCold    . . .     Gourm    .   c - +0 shield
rNeg     + . .     Faith    .   K - +0 storm dragon scales
rPois    .         Spirit   .   (helmet restricted)
rElec    +         Reflect  .   O - +1 cloak
rCorr    .         Harm     .   k - +0 pair of gloves
MR       .....                  J - +0 pair of boots
Stlth    ..........             (no amulet)
HPRegen  0.25/turn              z - ring of see invisible
MPRegen  0.12/turn              u - ring of positive energy

@: slowed, very slow
A: retaliatory headbutt, horns 2
a: Renounce Religion


You were on level 10 of the Dungeon.
You worshipped Makhleb.
Makhleb was noncommittal.
You were not hungry.

You visited 2 branches of the dungeon, and saw 11 of its levels.

You collected 533 gold pieces.

Inventory:

Hand Weapons
 a - a +0 war axe (weapon)
 v - a +2 falchion of holy wrath
 I - the +8 rapier of the Beginning {elec, rN+}
   (You found it on level 9 of the Dungeon)

   Occasionally, upon striking a foe, it will discharge some electrical energy
   and cause terrible harm.
   It protects you from negative energy.
Armour
 c - a +0 shield (worn)
 k - a +0 pair of gloves (worn)
 p - a +1 scale mail of poison resistance
 F - a +1 robe of cold resistance
 J - a +0 pair of boots (worn)
 K - +0 storm dragon scales (worn)
 O - a +1 cloak (worn)
Jewellery
 g - an uncursed ring of ice
 h - an uncursed ring of fire
 n - an uncursed ring of ice
 u - a ring of positive energy (right hand)
 z - a ring of see invisible (left hand)
Wands
 w - a wand of polymorph (17)
 D - a wand of iceblast (8)
 M - a wand of paralysis (15)
 N - a wand of random effects (33)
 P - a wand of enslavement (11)
Scrolls
 b - a scroll of blinking {unknown}
 e - 2 scrolls of enchant armour {unknown}
 i - 4 scrolls of teleportation
 j - 5 scrolls of remove curse
 s - 3 scrolls of immolation
 x - 3 scrolls of fear
 y - 4 scrolls of amnesia
 A - 6 scrolls of identify {unknown}
 B - a scroll of random uselessness
 C - a scroll of noise {unknown}
 G - 3 scrolls of enchant weapon {unknown}
Potions
 d - 3 potions of might
 l - 2 potions of mutation {unknown}
 m - 6 potions of curing
 o - 5 potions of haste {unknown}
 q - 6 potions of heal wounds {unknown}
 r - 2 potions of flight {unknown}
 t - 2 potions of lignification {unknown}
 E - 3 potions of agility {unknown}
 H - a potion of resistance {unknown}
 L - a potion of cancellation {unknown}
 R - a potion of brilliance {unknown}
Comestibles
 f - 21 rations


   Skills:
 + Level 8.7 Fighting
 + Level 12.8 Axes
 + Level 9.6 Armour
 + Level 3.2 Dodging
 + Level 0.7 Stealth
 + Level 10.3 Shields


You had 10 spell levels left.
You didn't know any spells.
Your spell library contained the following spells:

 Spells                   Type           Power        Failure   Level  Hunger
 Apportation              Tloc           #.....       100%        1    ##.....
 Confuse                  Hex            #.......     100%        3    ####...
 Summon Small Mammal      Summ           #...         100%        1    ##.....
 Animate Skeleton         Necr           N/A          100%        1    ##.....
 Spider Form              Tmut/Pois      #.........   100%        3    ####...
 Blade Hands              Tmut           #.........   100%        5    ######.
 Ice Form                 Ice/Tmut       #.......     100%        4    #####..
 Confusing Touch          Hex            #.....       100%        1    ##.....
 Sticks to Snakes         Tmut           #.......     100%        2    ###....
 Metabolic Englaciation   Hex/Ice        #.........   100%        5    ######.
 Petrify                  Tmut/Erth      #.......     100%        4    #####..
 Beastly Appendage        Tmut           #.....       100%        1    ##.....
 Gell's Gravitas          Tloc           #.........   100%        3    ####...
 Yara's Violent Unravell  Hex/Tmut       #.........   100%        5    ######.


Dungeon Overview and Level Annotations

Branches:
Dungeon (10/15)            Temple (1/1) D:6
   Lair: D:8-11         Orc: D:9-12

Altars:
Ashenzari
Cheibriados
Dithmenos
Elyvilon
Fedhas
Gozag
Hepliaklqana
Kikubaaqudgha
Makhleb
Nemelex Xobeh
Okawaru
Qazlal
Ru
Sif Muna
Trog
Uskayaw
Vehumet
Wu Jian
Xom
Yredelemnul
Zin
The Shining One

Annotations:
D:10 3 runed doors, Oddysee's ghost, novice DrBe


Innate Abilities, Weirdness & Mutations

You reflexively headbutt those who attack you in melee.
You have a pair of horns on your head.


Message History

The komodo dragon bites you!
* * * LOW HITPOINT WARNING * * *
You closely miss the komodo dragon.
The komodo dragon is moderately wounded.
The komodo dragon bites you but does no damage. x2
You completely miss the komodo dragon. Your headbutt misses the komodo dragon.
The komodo dragon is moderately wounded.
The komodo dragon bites you!!
* * * LOW HITPOINT WARNING * * *
You closely miss the komodo dragon. Your headbutt misses the komodo dragon.
The komodo dragon is moderately wounded.
You block the komodo dragon's attack. The komodo dragon barely misses you.
You hit the komodo dragon.
The komodo dragon is moderately wounded.
The komodo dragon bites you.
* * * LOW HITPOINT WARNING * * *
You barely miss the komodo dragon.
The komodo dragon is moderately wounded.
The komodo dragon bites you!
You die...

.#.#.#.#.#.....#.#
#.#.#.#.#......#.#
.#.#.#.#.......#.#
#.#.#..........#.#
.#.#.#.......###.#
#.#.#........# #.#
.#.#.#.#+#..## #.#
#.#.#.#. ##.# #.#
.#.#.# # .# #@#
#.#.# .# #l# .#.#
+# #.....# #.#
...$..# .#
.......# #.#
........# .#.#
.........# #.#.
..........# .#.
...........#


You could see a komodo dragon.

Vanquished Creatures
  Harold (D:9)
  2 two-headed ogres
  The ghost of Gergoth the Skirmisher, an amateur OgFi (D:4)
  A troll (D:9)
  A queen bee (D:9)
  A wraith (D:10)
  Menkaure (D:4)
  Duvessa (D:7)
  A water moccasin (D:5)
  3 orc warriors
  An eye of draining (D:10)
  3 ice beasts
  3 phantoms
  A sky beast (D:5)
  3 ogres
  A centaur (D:10)
  6 bullfrogs
  A wyvern zombie (D:7)
  Dowan (D:7)
  4 scorpions
  22 killer bees
  5 wights (D:6)
  3 crimson imps
  3 bullfrog zombies
  A centaur zombie (D:6)
  A jelly (D:6)
  2 bullfrog skeletons
  3 hounds
  2 iguanas
  3 orc priests
  4 centaur skeletons
  9 orc wizards
  Jessica (D:3)
  10 worker ants
  2 hound zombies
  A hound skeleton (D:6)
  8 adders
  10 gnolls
  2 shadow imps
  2 oozes
  An adder skeleton (D:9)
  An adder zombie (D:9)
  4 worms
  5 dart slugs
  13 leopard geckos
  15 orcs
  5 giant cockroaches
  7 goblins
  8 hobgoblins
  10 jackals
  12 kobolds
  4 quokkas
  2 ball pythons (D:2)
  9 bats
  5 frilled lizards
  A giant cockroach zombie (D:5)
  A jackal zombie (D:5)
  A leopard gecko skeleton (D:5)
  A leopard gecko zombie (D:7)
  A quokka skeleton (D:5)
  7 rats
244 creatures vanquished.

Vanquished Creatures (others)
  2 withered plants (D:4)
2 creatures vanquished.

Grand Total: 246 creatures vanquished

Notes
Turn   | Place    | Note
-------+----------+-------------------------------------------
     0 | D:1      | galech the Minotaur Fighter began the quest for the Orb.
     0 | D:1      | Reached XP level 1. HP: 19/19 MP: 0/0
    92 | D:1      | Reached XP level 2. HP: 24/27 MP: 1/1
   394 | D:1      | Reached XP level 3. HP: 29/33 MP: 2/2
   640 | D:2      | Found a blossoming altar of Fedhas.
   704 | D:2      | Found a glowing silver altar of Zin.
   706 | D:2      | Found a white marble altar of Elyvilon.
   760 | D:2      | Reached skill level 5 in Shields
   839 | D:2      | Reached XP level 4. HP: 40/40 MP: 3/3
  1018 | D:2      | Reached skill level 3 in Axes
  1633 | D:3      | Noticed Jessica
  1640 | D:3      | Killed Jessica
  1686 | D:3      | Reached XP level 5. HP: 43/46 MP: 4/4
  1720 | D:3      | Reached skill level 1 in Dodging
  1919 | D:3      | Found a snail-covered altar of Cheibriados.
  1959 | D:3      | Noticed an orc warrior
  2299 | D:3      | Reached skill level 4 in Axes
  2400 | D:3      | Killed an orc warrior
  2400 | D:3      | Reached XP level 6. HP: 38/53 MP: 5/5
  3067 | D:4      | Reached skill level 5 in Axes
  3081 | D:4      | Reached skill level 5 in Armour
  3146 | D:4      | Found a runed door.
  3149 | D:4      | Noticed Gergoth's ghost (amateur OgFi)
  3247 | D:4      | Reached XP level 7. HP: 57/60 MP: 6/6
  3608 | D:4      | Noticed Menkaure
  3619 | D:4      | Killed Menkaure
  3619 | D:4      | Reached skill level 5 in Fighting
  3619 | D:4      | Reached skill level 6 in Axes
  4025 | D:5      | Entered Level 5 of the Dungeon
  4149 | D:5      | Reached skill level 7 in Axes
  4150 | D:5      | Found a shattered altar of Ashenzari.
  4276 | D:5      | Reached XP level 8. HP: 64/69 MP: 7/7
  4971 | D:6      | Reached skill level 8 in Axes
  5049 | D:6      | Found a staircase to the Ecumenical Temple.
  5079 | Temple   | Entered the Ecumenical Temple
  5123 | D:6      | Reached skill level 9 in Axes
  5127 | D:6      | Found an ornate altar of the Wu Jian Council.
  5517 | D:6      | Reached XP level 9. HP: 64/75 MP: 8/8
  5654 | D:7      | Noticed Dowan
  5655 | D:7      | Noticed Duvessa
  5669 | D:7      | Killed Duvessa
  5680 | D:7      | Killed Dowan
  6000 | D:7      | Reached skill level 10 in Axes
  6150 | D:4      | Killed Gergoth's ghost
  6369 | D:7      | Found a hazy altar of Hepliaklqana.
  6721 | D:8      | Reached skill level 11 in Axes
  7262 | D:9      | Reached XP level 10. HP: 80/86 MP: 9/9
  7825 | D:9      | Found a burning altar of Makhleb.
  7855 | D:9      | Became a worshipper of Makhleb the Destroyer
  8077 | D:9      | Got an ancient rapier
  8078 | D:9      | Identified the +8 rapier of the Beginning {elec, rN+} (You found it on level 9 of the Dungeon)
  8179 | D:9      | Noticed Harold
  8194 | D:9      | Killed Harold
  8194 | D:9      | Reached skill level 12 in Axes
  8194 | D:9      | Reached skill level 10 in Shields
  8560 | D:9      | Noticed a two-headed ogre
  8572 | D:9      | Killed a two-headed ogre
  8668 | D:10     | Entered Level 10 of the Dungeon
  8763 | D:10     | Noticed a two-headed ogre
  8773 | D:10     | Killed a two-headed ogre
  8775 | D:10     | Found a runed gate.
  8775 | D:10     | Found a runed gate.
  8775 | D:10     | Found a runed gate.
  8775 | D:10     | Noticed a spectral centaur warrior
  8775 | D:10     | Noticed a spectral centaur warrior
  8775 | D:10     | Noticed Oddysee's ghost (novice DrBe)
  8777 | D:10     | Noticed a spectral centaur warrior
  8931 | D:10     | Reached XP level 11. HP: 93/95 MP: 10/10
  9029 | D:10     | HP: 3/95 [komodo dragon (22)]
  9032 | D:10     | Mangled by a komodo dragon

Vault maps used:
D:1:      zaba_arrival_water, minmay_heptomino_l4
D:2:      grunt_temple_overflow_open, first_ration, fedhas_altar_2
D:3:      minmay_diamond_boxcup, kennysheep_slug_shrine,
          hangedman_abyss_or_decor_stabs, uniq_jessica
D:4:      gammafunk_ghost_grave, uniq_menkaure
D:5:      nicolae_ashenzari_panopticon
D:6:      kennysheep_little_box, temple_fountains
D:7:      kennysheep_mini, uniq_duvessa
D:9:      old_standard_altar, david_nohive_1, hangedman_decor_diamond_cutter,
          kennysheep_generic_room_8, uniq_harold
D:10:     david_orc_2, gammafunk_ghost_necromancy, minmay_variable_closet
Temple:   minmay_freezing_vapour_temple

Skill      XL: |  1  2  3  4  5  6  7  8  9 10 |
---------------+-------------------------------+-----
Shields        | 4 5 6 7 9 10 | 10.3
Armour         | 4 5 6 7 8 9 |  9.6
Fighting       | 4 5 6 7 8 |  8.7
Axes           | 3 4 5 7 9 11 12 | 12.8
Dodging        | 1 2 3 |  3.2
Stealth        | |  0.7

Action                   |  1- 3 |  4- 6 |  7- 9 | 10-12 || total
-------------------------+-------+-------+-------+-------++-------
Melee: War axe           |    79 |   122 |   355 |   212 ||   768
       Headbutt          |    14 |    28 |    73 |    53 ||   168
  Use: Potion            |       |     1 |       |     1 ||     2
       Scroll            |       |       |     6 |       ||     6
  Eat: Chunk             |       |     4 |    10 |     6 ||    20
       Ration            |       |     1 |     1 |       ||     2
Armor: Scale mail        |    40 |    37 |       |     1 ||    78
       Plate armour      |       |     6 |    46 |       ||    52
       Storm dragon scal |       |       |   121 |    97 ||   218
Dodge: Dodged            |    23 |    36 |    85 |    61 ||   205
Block: Shield            |    49 |    65 |   203 |   124 ||   441

Table legend:
 A = Spawn XP
 B = Non-spawn XP
 C = Spawn XP percentage of total XP
 D = Spawn monster count
 E = Non-spawn monster count
 F = Spawn count percentage of total count
 G = Total turns spent on level
                    A         B        C        D         E        F      G
               +---------+---------+-------+---------+---------+-------+---------
         Total |       0 |   11612 |   0.0 |       0 |     244 |   0.0 |  9032
               +---------+---------+-------+---------+---------+-------+---------
           D:1 |       0 |      41 |   0.0 |       0 |      19 |   0.0 |   637
           D:2 |       0 |      85 |   0.0 |       0 |      27 |   0.0 |  1189
           D:3 |       0 |     348 |   0.0 |       0 |      33 |   0.0 |   969
           D:4 |       0 |     818 |   0.0 |       0 |      10 |   0.0 |  1311
           D:5 |       0 |     798 |   0.0 |       0 |      21 |   0.0 |   825
           D:6 |       0 |    1152 |   0.0 |       0 |      36 |   0.0 |   805
           D:7 |       0 |    1206 |   0.0 |       0 |      23 |   0.0 |   833
           D:8 |       0 |     911 |   0.0 |       0 |      21 |   0.0 |   876
           D:9 |       0 |    3998 |   0.0 |       0 |      33 |   0.0 |  1207
          D:10 |       0 |    2255 |   0.0 |       0 |      21 |   0.0 |   364
               +---------+---------+-------+---------+---------+-------+---------
